TOP OF THE 1ST |
---|
Cincinnati Bearcats batting - Pitching for North Carolina State Wolfpack : LHP Paul Mallette | Pitching: LHP Paul Mallette | | Batting: RHB Ron Moore | 0-0: Ball 1-0: Called Strike 1-1: Foul Ball, location: 2F 1-2: Foul Ball, location: 2F 1-2: Strikes out swinging | Batting: RHB John Ward | 0-0: Ball 1-0: SOLO HOME RUN (Flyball, 7D), Distance : 354 ft | Batting: SHB Miguel Price | 0-0: Ball 1-0: Ball 2-0: Ball 3-0: Base on Balls | Batting: RHB Dale Castro | 0-0: Ball 1-0: Ball 2-0: Foul Ball, location: 2F 2-1: Foul Ball, location: 2F 2-2: Strikes out swinging | Batting: RHB Ron McClain | 0-0: Swinging Strike 0-1: Ball 1-1: Ball 2-1: Ball 3-1: Fly out, F9 (Flyball, 9) | Top of the 1st over - 1 run, 1 hit, 0 errors, 1 left on base; Cincinnati 1 - North Carolina State 0 | BOTTOM OF THE 1ST |
---|
North Carolina State Wolfpack batting - Pitching for Cincinnati Bearcats : RHP José Ruíz | Pitching: RHP José Ruíz | | Batting: LHB Steven Gregory | 0-0: Called Strike 0-1: Foul Ball, location: 2F 0-2: Strikes out swinging | Batting: SHB Dave Williams | 0-0: Foul Ball, location: 2F 0-1: Ball 1-1: Ball 2-1: SINGLE (Line Drive, 3L) | Batting: LHB Aaron Atkins | 0-0: Ball 1-0: Called Strike 1-1: Swinging Strike 1-2: Foul Ball, location: 2F 1-2: Strikes out looking | Batting: LHB John Fuller | 0-0: Ball 1-0: Swinging Strike 1-1: Swinging Strike 1-2: Strikes out looking | Bottom of the 1st over - 0 runs, 1 hit, 0 errors, 1 left on base; Cincinnati 1 - North Carolina State 0 | TOP OF THE 2ND |
---|
Cincinnati Bearcats batting - Pitching for North Carolina State Wolfpack : LHP Paul Mallette | Batting: RHB Scott Snider | 0-0: Ball 1-0: Fly out, F8 (Flyball, 8RD) | Batting: LHB Lee Price | 0-0: Swinging Strike 0-1: Called Strike 0-2: Strikes out swinging | Batting: RHB Warren Thornton | 0-0: Fly out, F7 (Flyball, 7S) | Top of the 2nd over - 0 runs, 0 hits, 0 errors, 0 left on base; Cincinnati 1 - North Carolina State 0 | BOTTOM OF THE 2ND |
---|
North Carolina State Wolfpack batting - Pitching for Cincinnati Bearcats : RHP José Ruíz | Batting: LHB Ryan Cook | 0-0: Called Strike 0-1: Swinging Strike 0-2: Foul Ball, location: 2F 0-2: Ball 1-2: Strikes out swinging | Batting: LHB Ramón Quintanilla | 0-0: Ground out U3 (Groundball, 3L) | Batting: RHB Chris Seals | 0-0: Ball 1-0: Foul Ball, location: 2F 1-1: Called Strike 1-2: Foul Ball, location: 2F 1-2: Ball 2-2: Foul Ball, location: 2F 2-2: SINGLE (Groundball, 56S) (infield hit) | Batting: RHB Héctor Meléndez | 0-0: Ball 1-0: Foul Ball, location: 2F 1-1: Called Strike 1-2: Ball 2-2: Strikes out swinging | Bottom of the 2nd over - 0 runs, 1 hit, 0 errors, 1 left on base; Cincinnati 1 - North Carolina State 0 | TOP OF THE 3RD |
---|
Cincinnati Bearcats batting - Pitching for North Carolina State Wolfpack : LHP Paul Mallette | Batting: SHB Bob Castro | 0-0: Ball 1-0: Ball 2-0: SINGLE (Flyball, 9S) | Batting: RHB Ron Moore | 0-0: Called Strike 0-1: Ball Pickoff Throw by Catcher to First - Out! 1-1: Foul Ball, location: 2F 1-2: Ball 2-2: Foul Ball, location: 2F 2-2: Strikes out swinging | Batting: RHB John Ward | 0-0: Swinging Strike 0-1: Foul Ball, location: 2F 0-2: Strikes out swinging | Top of the 3rd over - 0 runs, 1 hit, 0 errors, 0 left on base; Cincinnati 1 - North Carolina State 0 | BOTTOM OF THE 3RD |
---|
North Carolina State Wolfpack batting - Pitching for Cincinnati Bearcats : RHP José Ruíz | Batting: LHB Trent Harper | 0-0: Ground out 4-3 (Groundball, 4) | Batting: LHB Steven Gregory | 0-0: Fly out, F6 (Line Drive, 6) | Batting: SHB Dave Williams | 0-0: Foul Ball, location: 2F 0-1: Ball 1-1: Swinging Strike 1-2: Foul Ball, location: 2F 1-2: Strikes out swinging, 2-3 out at first. | Bottom of the 3rd over - 0 runs, 0 hits, 0 errors, 0 left on base; Cincinnati 1 - North Carolina State 0 | TOP OF THE 4TH |
---|
Cincinnati Bearcats batting - Pitching for North Carolina State Wolfpack : LHP Paul Mallette | Batting: SHB Miguel Price | 0-0: Called Strike 0-1: Ball 1-1: Called Strike 1-2: Ball 2-2: Foul Ball, location: 2F 2-2: Ball 3-2: Foul Ball, location: 2F 3-2: Foul Ball, location: 2F 3-2: Single, Error in OF, E7, batter to second base | Batting: RHB Dale Castro | 0-0: Called Strike 0-1: Foul Ball, location: 2F 0-2: Foul Ball, location: 2F 0-2: Foul Ball, location: 2F 0-2: Foul Ball, location: 2F 0-2: Ball 1-2: Ball 2-2: Ground out 5-3 (Groundball, 56S) Miguel Price to third | Batting: RHB Ron McClain | 0-0: Called Strike 0-1: Foul Ball, location: 2F 0-2: Ball 1-2: Ball 2-2: SINGLE (Flyball, 78S) Miguel Price scores | Batting: RHB Scott Snider | 0-0: Ball 1-0: Fly out, F3 (Popup, 3L) | Batting: LHB Lee Price | 0-0: Foul Ball, location: 2F 0-1: Ball 1-1: Ball 2-1: SINGLE (Groundball, 4MD) Ron McClain to second | Batting: RHB Warren Thornton | 0-0: Ball 1-0: Called Strike 1-1: Ball 2-1: Foul Ball, location: 2F 2-2: Strikes out swinging | Top of the 4th over - 1 run, 3 hits, 1 error, 2 left on base; Cincinnati 2 - North Carolina State 0 | BOTTOM OF THE 4TH |
---|
North Carolina State Wolfpack batting - Pitching for Cincinnati Bearcats : RHP José Ruíz | Batting: LHB Aaron Atkins | 0-0: Foul Ball, location: 2F 0-1: Foul Ball, location: 2F 0-2: Ball 1-2: Foul Ball, location: 2F 1-2: Ball 2-2: SINGLE (Line Drive, 6M) | Batting: LHB John Fuller | 0-0: Called Strike 0-1: Ball 1-1: Ball 2-1: Ball 3-1: Base on Balls Aaron Atkins to second | Batting: LHB Ryan Cook | 0-0: Ball 1-0: Ball 2-0: Called Strike 2-1: Ball 3-1: Called Strike 3-2: Fly out, F3 (Line Drive, 3) Lined into DP, U3 (Line Drive, 3) | Batting: LHB Ramón Quintanilla | 0-0: Ground out 4-3 (Groundball, 4) | Bottom of the 4th over - 0 runs, 1 hit, 0 errors, 1 left on base; Cincinnati 2 - North Carolina State 0 | TOP OF THE 5TH |
---|
Cincinnati Bearcats batting - Pitching for North Carolina State Wolfpack : LHP Paul Mallette | Batting: SHB Bob Castro | 0-0: Ball 1-0: Ball 2-0: Ball 3-0: Called Strike 3-1: Ground out 1-3 (Groundball, 15S) | Batting: RHB Ron Moore | 0-0: Swinging Strike 0-1: Called Strike 0-2: Ball 1-2: Ball 2-2: SINGLE (Flyball, 78S) | Pitching: RHP Shawn Shipe | | Batting: RHB John Ward | 0-0: Ball 1-0: Fly out, F7 (Flyball, 7LMF) | Batting: SHB Miguel Price | 0-0: Called Strike Pickoff Throw to First - Error! E1 Ron Moore to second 0-1: Ball 1-1: Foul Ball, location: 2F 1-2: Ball 2-2: Ball 3-2: Base on Balls | Batting: RHB Dale Castro | 0-0: Foul Ball, location: 2F 0-1: Ball 1-1: Called Strike 1-2: Ball 2-2: SINGLE (Groundball, 4MD) Ron Moore to third Miguel Price to second Runner from 3rd tries for Home, SAFE, throw made home | Batting: RHB Ron McClain | 0-0: Called Strike 0-1: Ball 1-1: Swinging Strike 1-2: 3-RUN HOME RUN (Line Drive, 78XD), Distance : 382 ft | Batting: RHB Scott Snider | 0-0: Foul Ball, location: 2F 0-1: Foul Ball, location: 2F 0-2: Ball 1-2: Fly out, F8 (Flyball, 8LD) | Top of the 5th over - 4 runs, 3 hits, 1 error, 0 left on base; Cincinnati 6 - North Carolina State 0 | BOTTOM OF THE 5TH |
---|
North Carolina State Wolfpack batting - Pitching for Cincinnati Bearcats : RHP José Ruíz | Batting: RHB Chris Seals | 0-0: Ball 1-0: Ball 2-0: Fly out, F4 (Line Drive, 4M) | Batting: RHB Héctor Meléndez | 0-0: Called Strike 0-1: Called Strike 0-2: Ball 1-2: Ball 2-2: Strikes out swinging | Batting: LHB Trent Harper | 0-0: Called Strike 0-1: Ball 1-1: Foul Ball, location: 2F 1-2: Ball 2-2: Ground out 4-3 (Groundball, 4) | Bottom of the 5th over - 0 runs, 0 hits, 0 errors, 0 left on base; Cincinnati 6 - North Carolina State 0 | TOP OF THE 6TH |
---|
Cincinnati Bearcats batting - Pitching for North Carolina State Wolfpack : RHP Shawn Shipe | Batting: LHB Lee Price | 0-0: Called Strike 0-1: Called Strike 0-2: Fly out, F3 (Line Drive, 3S) | Batting: RHB Warren Thornton | 0-0: Ball 1-0: Ball 2-0: Called Strike 2-1: Foul Ball, location: 2F 2-2: Foul Ball, location: 2F 2-2: Ball 3-2: Strikes out swinging | Batting: SHB Bob Castro | 0-0: Ball 1-0: Ball 2-0: Ball 3-0: Base on Balls | Batting: RHB Ron Moore | 0-0: Ball 1-0: Foul Ball, location: 2F 1-1: Fly out, F8 (Flyball, 8RS) | Top of the 6th over - 0 runs, 0 hits, 0 errors, 1 left on base; Cincinnati 6 - North Carolina State 0 | BOTTOM OF THE 6TH |
---|
North Carolina State Wolfpack batting - Pitching for Cincinnati Bearcats : RHP José Ruíz | Batting: LHB Steven Gregory | 0-0: Called Strike 0-1: Foul Ball, location: 2F 0-2: Ground out 6-3 (Groundball, 6M) | Batting: SHB Dave Williams | 0-0: Ground out 4-3 (Groundball, 34) | Batting: LHB Aaron Atkins | 0-0: Ball 1-0: Ball 2-0: Fly out, F7 (Flyball, 7) | Bottom of the 6th over - 0 runs, 0 hits, 0 errors, 0 left on base; Cincinnati 6 - North Carolina State 0 | TOP OF THE 7TH |
---|
Cincinnati Bearcats batting - Pitching for North Carolina State Wolfpack : RHP Shawn Shipe | Batting: RHB John Ward | 0-0: Called Strike 0-1: Ball 1-1: Foul Ball, location: 2F 1-2: Reached on error, E7 (Flyball, 7S) | Batting: SHB Miguel Price | 0-0: Ball 1-0: Called Strike 1-1: Ball 2-1: Foul Ball, location: 2F 2-2: Ball 3-2: Strikes out swinging | Batting: RHB Dale Castro | 0-0: Swinging Strike 0-1: Swinging Strike 0-2: Foul Ball, location: 2F 0-2: Ball 1-2: Ball 2-2: Strikes out swinging | Batting: RHB Ron McClain | 0-0: Fly out, F9 (Flyball, 9S) | Top of the 7th over - 0 runs, 0 hits, 1 error, 1 left on base; Cincinnati 6 - North Carolina State 0 | BOTTOM OF THE 7TH |
---|
North Carolina State Wolfpack batting - Pitching for Cincinnati Bearcats : RHP José Ruíz | Batting: LHB John Fuller | 0-0: Swinging Strike 0-1: Swinging Strike 0-2: Ball 1-2: Strikes out swinging | Pitching: RHP Miguel De La Parra | | Batting: LHB Ryan Cook | 0-0: Ball 1-0: Ground out 4-3 (Groundball, 4) | Batting: LHB Ramón Quintanilla | 0-0: Called Strike 0-1: Ball 1-1: Swinging Strike 1-2: Foul Ball, location: 2F 1-2: Ball 2-2: Strikes out swinging | Bottom of the 7th over - 0 runs, 0 hits, 0 errors, 0 left on base; Cincinnati 6 - North Carolina State 0 | TOP OF THE 8TH |
---|
Cincinnati Bearcats batting - Pitching for North Carolina State Wolfpack : RHP Shawn Shipe | Batting: RHB Scott Snider | 0-0: Ball 1-0: Called Strike 1-1: Foul Ball, location: 2F 1-2: SOLO HOME RUN (Flyball, 7LD), Distance : 330 ft | Batting: LHB Lee Price | 0-0: Ball 1-0: Foul Ball, location: 2F 1-1: Called Strike 1-2: Ball 2-2: Ball 3-2: Foul Ball, location: 2F 3-2: Ground out 4-3 (Groundball, 4M) | Batting: RHB Warren Thornton | 0-0: Foul Ball, location: 2F 0-1: Ball 1-1: Foul Ball, location: 2F 1-2: Foul Ball, location: 2F 1-2: SINGLE (Groundball, 6MD) | Pitching: RHP Pat Schwartz | | Batting: SHB Bob Castro | 0-0: Foul Ball, location: 2F 0-1: Ball 1-1: SINGLE (Groundball, 4D) Warren Thornton to second Runner from 2nd tries for 3rd, OUT! | Batting: RHB Ron Moore | 0-0: Ball 1-0: Ball 2-0: Ball 3-0: Base on Balls Bob Castro to second | Batting: RHB John Ward | 0-0: Ball 1-0: Swinging Strike 1-1: Ball 2-1: Called Strike 2-2: Ball 3-2: Strikes out swinging | Top of the 8th over - 1 run, 3 hits, 0 errors, 2 left on base; Cincinnati 7 - North Carolina State 0 | BOTTOM OF THE 8TH |
---|
North Carolina State Wolfpack batting - Pitching for Cincinnati Bearcats : RHP Miguel De La Parra | Now in LF: Ralph Summers | | Batting: RHB Chris Seals | 0-0: Called Strike 0-1: Ground out 6-3 (Groundball, 56) | Batting: RHB Héctor Meléndez | 0-0: Called Strike 0-1: Foul Ball, location: 2F 0-2: Foul Ball, location: 2F 0-2: Ball 1-2: Strikes out swinging | Batting: LHB Trent Harper | 0-0: Ground out 1-3 (Groundball, 13) | Bottom of the 8th over - 0 runs, 0 hits, 0 errors, 0 left on base; Cincinnati 7 - North Carolina State 0 | TOP OF THE 9TH |
---|
Cincinnati Bearcats batting - Pitching for North Carolina State Wolfpack : RHP Pat Schwartz | Batting: SHB Miguel Price | 0-0: Ball 1-0: Ball 2-0: Called Strike 2-1: Foul Ball, location: 2F 2-2: Foul Ball, location: 2F 2-2: Ball 3-2: Fly out, F9 (Flyball, 9S) | Batting: RHB Dale Castro | 0-0: Called Strike 0-1: Ball 1-1: Foul Ball, location: 2F 1-2: Strikes out swinging | Batting: RHB Ron McClain | 0-0: Ball 1-0: Ball 2-0: Foul Ball, location: 2F 2-1: Fly out, F8 (Flyball, 8LD) | Top of the 9th over - 0 runs, 0 hits, 0 errors, 0 left on base; Cincinnati 7 - North Carolina State 0 | BOTTOM OF THE 9TH |
---|
North Carolina State Wolfpack batting - Pitching for Cincinnati Bearcats : RHP Miguel De La Parra | Batting: LHB Steven Gregory | 0-0: Ball 1-0: Called Strike 1-1: Ball 2-1: Ball 3-1: Swinging Strike 3-2: Strikes out swinging | Batting: SHB Dave Williams | 0-0: Called Strike 0-1: Fly out, F7 (Flyball, 7) | Batting: LHB Aaron Atkins | 0-0: Called Strike 0-1: Ball 1-1: Ball 2-1: Foul Ball, location: 2F 2-2: Ball 3-2: Base on Balls | Batting: LHB John Fuller | 0-0: Ball 1-0: Ball 2-0: Reached via error on a dropped throw, E1 Aaron Atkins to second | Batting: LHB Ryan Cook | 0-0: Ball 1-0: DOUBLE (Line Drive, 8LD) Aaron Atkins scores John Fuller to third | Batting: LHB Ramón Quintanilla | 0-0: Ball 1-0: Foul Ball, location: 2F 1-1: Foul Ball, location: 2F 1-2: Fly out, F8 (Flyball, 8LD) | Bottom of the 9th over - 1 run, 1 hit, 1 error, 2 left on base; Cincinnati 7 - North Carolina State 1 | |